 Dungeon Crawl Stone Soup version 0.30-a0-1160-g6e42c06551 (webtiles) character file.

Game seed: 8117832453648853030

3 RepHenryClay the Sneak (level 1, 0/11 HPs)
             Began as a Vine Stalker Delver on Apr 26, 2023.
             Succumbed to Jessica's poison
             ... on level 3 of the Dungeon.
             The game lasted 00:00:33 (62 turns).

RepHenryClay the Sneak (Vine Stalker Delver)          Turns: 62, Time: 00:00:33

Health: 0/11       AC:  3    Str: 14    XL:     1   Next: 50%
Magic:  1/2        EV: 11    Int: 10    God:
Gold:   0          SH:  0    Dex: 15    Spells: 0/0 levels left

rFire   . . .        a - +0 mace
rCold   . . .        (no shield)
rNeg    . . .        b - +0 leather armour
rPois   .            (no helmet)
rElec   .            (no cloak)
rCorr   .            (no gloves)
SInv    .            (no boots)
Will    .....        (no amulet)
Stlth   +++          (no ring)
HPRegen 0.21/turn    (no ring)
MPRegen 0.08/turn

%: guardian spirit
@: lethally poisoned (0 -> -16), hasted, very quick
A: fangs 2, magic shield, antimagic bite, no potion heal 2
a: no special abilities


You were on level 3 of the Dungeon.
You visited 1 branch of the dungeon, and saw 3 of its levels.

Inventory:

Hand Weapons
 a - a +0 mace (weapon)
Armour
 b - a +0 leather armour (worn)
Wands
 g - a wand of digging (3)
Scrolls
 c - a scroll of fog
 d - a scroll of magic mapping
 e - a scroll of fear
 h - 2 scrolls of blinking {unknown}


   Skills:
 + Level 2.7 Fighting
 + Level 1.8 Maces & Flails
 + Level 1.6 Dodging
 + Level 6.0 Stealth


You couldn't memorise any spells.
You didn't know any spells.
Your spell library was empty.

Dungeon Overview and Level Annotations

Branches:
Dungeon (5/15)
 Temple: D:4-7

Altars:

Annotations:
D:3 Jessica


Innate Abilities, Weirdness & Mutations

You have extremely sharp teeth.
When hurt, damage is shared between your health and your magic reserves.
Your bite disrupts and absorbs the magic of your enemies.
Potions cannot restore your health.


Message History

You kill the kobold!
No target in view!
Things that are here:
a +0 club; a kobold corpse You open the door.
There is an open door here.
As you open the door, it creaks loudly!
There is an open door here.
You open the door.
There is an open door here.
You open the door.
Found 2 scrolls labelled ROISOV POFABB.
A quokka comes into view.
There is an open door here.
You see here 2 scrolls labelled ROISOV POFABB.
h - 2 scrolls labelled ROISOV POFABB The helpless quokka fails to defend itself.
You sock the quokka!
You kill the quokka!
No target in view!
Jessica the Apprentice Sorceress comes into view.
She is wielding a +0 dagger of venom.
Jessica shouts!
Jessica gestures wildly while chanting.
Jessica blinks!
Jessica hits you with a +0 dagger of venom.
Huge Dmg: -27%(-3hp) hp: 73%(8hp)
Okay, then.
Unknown command.
You closely miss Jessica. Your bite misses Jessica.
Jessica hits you with a +0 dagger of venom.
You are lethally poisoned!
Jessica completely misses you.
Damage: -9%(-1hp) hp: 64%(7hp)
Okay, then.
You feel yourself speed up.
You feel sick.
Jessica hits you with a +0 dagger of venom.
* * * LOW HITPOINT WARNING * * *
You are more poisoned.
Huge Dmg: -45%(-5hp) hp: 19%(2hp)
You die...

.# ###### #########.#
.....#####......##.#
.....'...'......'#.#
.....#####......##.#
.....### #......##.#
....)'.#
#####'###.#######
.....#.# #...@.@......
.....#.###########.####..
######>..$............#
#.###...########.+ #.# .#
# #.# #.# #.. ...


You could see Jessica.

Vanquished Creatures
  An endoplasm (D:3)
  A quokka (D:3)
  A kobold (D:3)
3 creatures vanquished.

Notes
Turn   | Place    | Note
-------+----------+-------------------------------------------
     0 | D:5      | RepHenryClay the Vine Stalker Delver began the quest for
                  | the Orb.
     0 | D:5      | Reached XP level 1. HP: 11/11 MP: 2/2
     2 | D:4      | Noticed a phantom
     2 | D:4      | Noticed an iguana
    57 | D:3      | Noticed Jessica
    62 | D:3      | Succumbed to Jessica's poison

Illustrated notes

Levels and vault maps discovered:
D:3:      layout_basic, mainiacjoe_overflow_tiny_flanked,
          grunt_temple_overflow_open, serial_shops, nicolae_shop_hallway_stairs,
          nicolae_shop_tiny_glass, shop, nicolae_shop_bloodbath_and_beyond,
          minmay_misc_feat_rows, grunt_decor_fettered, uniq_sigmund,
          uniq_jessica, uniq_ijyb
D:4:      due_chaos_kobolds, layout_loops_ring, grunt_temple_overflow_holy_war,
          nicolae_dithmenos_through_a_glass_darkly,
          gammafunk_temple_overflow_elements, nicolae_shop_clearance,
          uniq_grinder
D:5:      layout_loops_ring, lemuel_coloured_pillars_altar,
          overflow_temple_1_default, okawaru_ov_weapons_minmay,
          minmay_temple_entry_wispy

Action                     || total
---------------------------++-------
  Melee: Mace              ||     7
         Bite              ||     1
    Use: Potion            ||     1
   Stab: Sleeping          ||     1
 Armour: Leather armour    ||     2
  Dodge: Dodged            ||     4

Table legend: (Time is in decaauts)
 A = Elapsed time spent in this place.
 B = Non-inter-level travel time spent in this place.
 C = Inter-level travel time spent in this place.
 D = Time resting spent in this place.
 E = Time spent auto-exploring this place.
 F = Levels seen in this place.
 G = Mean time per level.
                   A        B        C        D        E       F      G
               +--------+--------+--------+--------+--------+-----+--------+
         Total |     63 |     63 |      0 |      0 |      0 |   3 |   21.0 |
       Dungeon |     63 |     63 |      0 |      0 |      0 |   3 |   21.0 |
               +--------+--------+--------+--------+--------+-----+--------+

Top non-repeatable levels by time:
     D:3: 45 daAuts
     D:4: 15 daAuts
     D:5: 2 daAuts
